General information
- name: BNet
- type: Ladder team game (AT/RT)
- host: Battle.net
- saver: jakeafkallday
map: Deadlock
- players: 8
- length: 46:05
- speed: Fast
- version: 1.28 W3XP
- replay type: Public
» download(406 KB)
Players
team 1 (loser)
iamnoobkillme (
yellow | 91 APM | 4045 actions | 44:37)
5 Mountain King
3 Storm Bolt
2 Bash
4 Paladin
2 Holy Light
2 Divine Shield
» actions
| Assign group hotkey | 27 | |
| Basic commands | 21 | |
| Build / train | 153 | |
| Enter build submenu | 37 | |
| Enter hero's abilities submenu | 9 | |
| Give item / drop item | 3 | |
| Right click | 2040 | |
| Select / deselect | 540 | |
| Select group hotkey | 1045 | |
| Use ability | 170 | |
4045 total
» units
| Peasant | 32 | |
| Footman | 13 | |
| Mortar Team | 6 | |
| Flying Machine | 13 | |
64 total
» upgrades
| Defend | 1 | |
| Masonry | 3 | |
| Lumber Harvesting | 2 | |
| Gunpowder | 3 | |
| Flare | 1 | |
| Fragmentation Shards | 1 | |
| Animal War Training | 1 | |
| Plating | 1 | |
| Flak Cannons | 1 | |
| Barrage | 1 | |
| Flying Machine Bombs | 1 | |
16 total
» buildings
| Altar of Kings | 1 | |
| Farm | 9 | |
| Barracks | 1 | |
| Lumber Mill | 4 | |
| Scout Tower | 13 | |
| Arcane Tower | 6 | |
| Arcane Vault | 2 | |
| Guard Tower | 8 | |
| Town Hall | 2 | |
| Keep | 1 | |
| Blacksmith | 1 | |
| Castle | 1 | |
| Workshop | 3 | |
| Cannon Tower | 2 | |
54 total
» build order
00:34 Altar of Kings
00:43 Farm
00:54 Barracks
01:23 Farm
01:49 Lumber Mill
02:22 Farm
02:37 Scout Tower
03:00 Farm
03:22 Arcane Tower
03:25 Scout Tower
03:39 Arcane Vault
04:00 Guard Tower
04:56 Arcane Vault
05:45 Scout Tower
06:06 Arcane Tower
06:10 Scout Tower
06:27 Guard Tower
06:35 Lumber Mill
07:36 Town Hall
08:25 Keep
08:58 Scout Tower
09:50 Guard Tower
09:53 Scout Tower
09:58 Farm
10:00 Farm
10:09 Blacksmith
10:33 Arcane Tower
10:37 Lumber Mill
10:44 Scout Tower
11:28 Guard Tower
12:07 Castle
12:14 Workshop
13:04 Workshop
13:45 Workshop
16:04 Farm
16:07 Farm
16:08 Farm
18:59 Arcane Tower
19:05 Cannon Tower
20:53 Guard Tower
20:56 Arcane Tower
21:12 Scout Tower
21:14 Scout Tower
21:17 Scout Tower
22:32 Cannon Tower
22:34 Guard Tower
24:40 Guard Tower
27:56 Scout Tower
28:18 Guard Tower
28:22 Town Hall
30:50 Lumber Mill
31:46 Scout Tower
33:17 Scout Tower
33:36 Arcane Tower
» items
| Scroll of Regeneration | 6 | |
| Lesser Clarity Potion | 7 | |
| Scroll of Healing | 1 | |
| Scroll of Town Portal | 6 | |
| Staff of Teleportation | 2 | |
| Potion of Lesser Invulnerability | 5 | |
| Potion of Mana | 2 | |
| Healing Salve | 1 | |
| Staff of Sanctuary | 2 | |
| Ivory Tower | 5 | |
| Boots of Speed | 1 | |
| Potion of Invisibility | 3 | |
| Orb of Fire | 1 | |
| Dust of Appearance | 1 | |
| Scroll of Protection | 1 | |
44 total

»
HankTheHick (
green | 59 APM | 2573 actions | 43:37)
4 Archmage
2 Summon Water Elemental
2 Brilliance Aura
2 Mountain King
1 Storm Bolt
1 Bash
» actions
| Assign group hotkey | 163 | |
| Basic commands | 231 | |
| Build / train | 91 | |
| ESC pressed | 1 | |
| Enter build submenu | 50 | |
| Enter hero's abilities submenu | 6 | |
| Right click | 564 | |
| Select / deselect | 816 | |
| Select group hotkey | 544 | |
| Use ability | 107 | |
2573 total
» units
| Peasant | 28 | |
| Footman | 3 | |
| Rifleman | 11 | |
| Mortar Team | 3 | |
| Siege Engine | 3 | |
| Priest | 14 | |
62 total
» upgrades
| Gunpowder | 3 | |
| Armor | 2 | |
| Long Rifles | 1 | |
| Priest Training | 2 | |
| Barrage | 1 | |
| Lumber Harvesting | 2 | |
| Fragmentation Shards | 1 | |
12 total
» buildings
| Barracks | 2 | |
| Farm | 18 | |
| Altar of Kings | 2 | |
| Blacksmith | 2 | |
| Lumber Mill | 2 | |
| Arcane Vault | 2 | |
| Keep | 2 | |
| Arcane Sanctum | 1 | |
| Workshop | 3 | |
| Town Hall | 5 | |
| Castle | 2 | |
41 total
» build order
00:10 Barracks
00:14 Farm
00:20 Altar of Kings
00:54 Farm
01:37 Farm
02:10 Blacksmith
02:22 Lumber Mill
02:41 Arcane Vault
02:58 Farm
03:44 Farm
04:20 Keep
05:31 Farm
06:19 Farm
06:45 Arcane Sanctum
07:13 Workshop
08:37 Town Hall
09:46 Castle
11:03 Farm
12:11 Farm
12:25 Workshop
12:53 Farm
17:50 Town Hall
21:29 Town Hall
22:48 Town Hall
25:01 Altar of Kings
25:43 Keep
26:07 Farm
26:46 Farm
27:31 Town Hall
28:37 Farm
29:23 Farm
29:30 Castle
30:05 Farm
30:11 Arcane Vault
30:53 Farm
31:41 Farm
31:45 Blacksmith
32:30 Lumber Mill
33:02 Workshop
33:06 Barracks
33:17 Farm
» items
| Scroll of Regeneration | 3 | |
| Orb of Fire | 1 | |
| Scroll of Town Portal | 1 | |
5 total
ROD-MY-BRUTHA (
purple | 80 APM | 3693 actions | 46:04)
6 Blademaster
3 Wind Walk
2 Critical Strike
1 Bladestorm
5 Shadow Hunter
2 Hex
3 Healing Wave
» actions
| Assign group hotkey | 67 | |
| Basic commands | 125 | |
| Build / train | 91 | |
| Enter build submenu | 27 | |
| Enter hero's abilities submenu | 11 | |
| Give item / drop item | 2 | |
| Remove unit from queue | 1 | |
| Right click | 1719 | |
| Select / deselect | 409 | |
| Select group hotkey | 1003 | |
| Use ability | 238 | |
3693 total
» units
| Peon | 21 | |
| Grunt | 3 | |
| Wind Rider | 17 | |
| Troll Batrider | 3 | |
| Raider | 2 | |
46 total
» upgrades
| Reinforced Defenses | 1 | |
| Envenomed Spears | 1 | |
| Ranged Weapons | 2 | |
| Armor | 2 | |
| Liquid Fire | 1 | |
7 total
» buildings
| Altar of Storms | 1 | |
| Orc Burrow | 6 | |
| Barracks | 1 | |
| Voodoo Lounge | 1 | |
| Stronghold | 2 | |
| Great Hall | 2 | |
| War Mill | 1 | |
| Fortress | 2 | |
| Beastiary | 3 | |
| Watch Tower | 46 | |
65 total
» build order
00:06 Altar of Storms
00:23 Orc Burrow
00:37 Barracks
01:23 Orc Burrow
02:04 Voodoo Lounge
03:15 Stronghold
03:57 Great Hall
05:41 Great Hall
05:45 War Mill
06:00 Orc Burrow
06:47 Fortress
06:48 Fortress
07:03 Beastiary
07:36 Beastiary
07:49 Watch Tower
07:50 Watch Tower
07:51 Watch Tower
07:51 Watch Tower
09:56 Watch Tower
09:57 Watch Tower
09:57 Watch Tower
09:58 Watch Tower
10:00 Watch Tower
10:02 Watch Tower
10:48 Orc Burrow
10:51 Orc Burrow
10:58 Watch Tower
11:32 Watch Tower
11:33 Watch Tower
11:37 Watch Tower
12:05 Watch Tower
12:24 Beastiary
12:50 Watch Tower
12:56 Watch Tower
12:56 Watch Tower
12:57 Watch Tower
12:59 Watch Tower
17:39 Watch Tower
17:40 Watch Tower
17:40 Watch Tower
17:40 Watch Tower
17:41 Watch Tower
17:41 Watch Tower
17:41 Watch Tower
17:42 Watch Tower
20:20 Watch Tower
20:21 Watch Tower
20:21 Watch Tower
20:21 Watch Tower
20:22 Watch Tower
20:22 Watch Tower
21:25 Orc Burrow
22:52 Watch Tower
22:52 Watch Tower
22:53 Watch Tower
22:54 Watch Tower
22:55 Watch Tower
29:47 Watch Tower
29:47 Watch Tower
29:47 Watch Tower
29:48 Watch Tower
29:48 Watch Tower
30:25 Stronghold
35:09 Watch Tower
35:10 Watch Tower
» items
| Healing Salve | 3 | |
| Staff of Teleportation | 2 | |
| Orb of Lightning | 1 | |
| Potion of Mana | 3 | |
| Potion of Lesser Invulnerability | 1 | |
| Scroll of Healing | 1 | |
| Scroll of Town Portal | 7 | |
| Tiny Great Hall | 1 | |
19 total

»
cow3 (
red | 65 APM | 2657 actions | 41:08)
6 Archmage
3 Summon Water Elemental
2 Brilliance Aura
1 Mass Teleport
4 Paladin
1 Holy Light
2 Devotion Aura
1 Divine Shield
» actions
| Assign group hotkey | 43 | |
| Basic commands | 2 | |
| Build / train | 74 | |
| Enter build submenu | 30 | |
| Enter hero's abilities submenu | 11 | |
| Give item / drop item | 1 | |
| Remove unit from queue | 1 | |
| Right click | 1811 | |
| Select / deselect | 350 | |
| Select group hotkey | 245 | |
| Use ability | 89 | |
2657 total
» units
» upgrades
| Gunpowder | 3 | |
| Armor | 3 | |
| Long Rifles | 1 | |
7 total
» buildings
| Altar of Kings | 1 | |
| Farm | 10 | |
| Barracks | 2 | |
| Blacksmith | 2 | |
| Scout Tower | 12 | |
| Arcane Tower | 1 | |
| Arcane Vault | 1 | |
| Lumber Mill | 2 | |
| Keep | 1 | |
| Guard Tower | 8 | |
| Castle | 1 | |
| Town Hall | 2 | |
43 total
» build order
00:07 Altar of Kings
00:12 Farm
00:39 Barracks
01:08 Farm
02:05 Blacksmith
02:09 Blacksmith
02:19 Scout Tower
02:51 Farm
02:53 Arcane Tower
03:20 Arcane Vault
03:55 Scout Tower
04:36 Farm
04:38 Farm
05:02 Lumber Mill
05:53 Farm
05:54 Farm
05:55 Farm
05:57 Scout Tower
05:58 Scout Tower
06:43 Keep
07:56 Guard Tower
08:10 Guard Tower
08:45 Guard Tower
10:31 Castle
11:02 Barracks
11:44 Scout Tower
11:44 Scout Tower
11:50 Scout Tower
12:38 Guard Tower
16:23 Guard Tower
16:26 Scout Tower
17:43 Guard Tower
18:37 Scout Tower
19:15 Guard Tower
20:32 Scout Tower
20:36 Farm
20:37 Farm
20:39 Scout Tower
20:40 Scout Tower
22:28 Lumber Mill
23:44 Guard Tower
28:11 Town Hall
37:12 Town Hall
» items
| Potion of Healing | 4 | |
| Potion of Mana | 1 | |
| Scroll of Town Portal | 1 | |
| Orb of Fire | 1 | |
7 total
team 2 (winner)

»
M[A]STER.XXDl (
blue | 180 APM | 5041 actions | 27:57)
7 Pandaren Brewmaster
3 Breath of Fire
3 Drunken Haze
1 Storm Earth and Fire
4 Naga Sea Witch
2 Forked Lightning
2 Frost Arrows
» actions
| Assign group hotkey | 57 | |
| Basic commands | 155 | |
| Build / train | 138 | |
| Enter build submenu | 47 | |
| Enter hero's abilities submenu | 10 | |
| Give item / drop item | 3 | |
| Remove unit from queue | 9 | |
| Right click | 3396 | |
| Select / deselect | 603 | |
| Select group hotkey | 458 | |
| Use ability | 165 | |
5041 total
» units
| Wisp | 24 | |
| Archer | 11 | |
| Razormane Medicine Man | 3 | |
| Hippogryph | 8 | |
| Dryad | 3 | |
| Chimaera | 6 | |
55 total
» upgrades
| Strength of the Moon | 1 | |
| Strength of the Wild | 3 | |
| Improved Bows | 1 | |
| Reinforced Hides | 3 | |
| Abolish Magic | 1 | |
| Hippogryph Taming | 1 | |
| Marksmanship | 1 | |
| Corrosive Breath | 1 | |
12 total
» buildings
| Ancient of War | 1 | |
| Moon Well | 8 | |
| Altar of Elders | 1 | |
| Tree of Life | 1 | |
| Tree of Ages | 2 | |
| Hunter's Hall | 1 | |
| Ancient Protector | 1 | |
| Ancient of Lore | 1 | |
| Ancient of Wind | 1 | |
| Tree of Eternity | 3 | |
| Ancient of Wonders | 1 | |
| Chimaera Roost | 2 | |
23 total
» build order
00:19 Ancient of War
00:24 Moon Well
00:56 Altar of Elders
01:53 Moon Well
03:39 Tree of Life
04:18 Moon Well
04:54 Moon Well
05:56 Tree of Ages
06:02 Hunter's Hall
07:41 Moon Well
07:53 Ancient Protector
07:58 Moon Well
09:46 Moon Well
10:02 Ancient of Lore
10:05 Ancient of Wind
10:05 Tree of Eternity
10:06 Tree of Eternity
10:49 Ancient of Wonders
12:51 Chimaera Roost
13:48 Chimaera Roost
17:39 Moon Well
» items
| Boots of Speed | 4 | |
| Circlet of Nobility | 4 | |
| Potion of Lesser Invulnerability | 3 | |
| Periapt of Vitality | 3 | |
| Scroll of Protection | 4 | |
| Scroll of Town Portal | 4 | |
| Staff of Preservation | 1 | |
| Anti-magic Potion | 1 | |
24 total

»
vertigo.flowers (
orange | 69 APM | 1933 actions | 28:02)
4 Archmage
2 Summon Water Elemental
2 Brilliance Aura
» actions
| Assign group hotkey | 216 | |
| Build / train | 149 | |
| Enter build submenu | 53 | |
| Enter hero's abilities submenu | 4 | |
| Remove unit from queue | 1 | |
| Right click | 700 | |
| Select / deselect | 398 | |
| Select group hotkey | 306 | |
| Use ability | 106 | |
1933 total
» units
| Peasant | 21 | |
| Footman | 3 | |
| Rifleman | 11 | |
| Mortar Team | 7 | |
| Flying Machine | 20 | |
62 total
» upgrades
| Armor | 1 | |
| Gunpowder | 2 | |
| Long Rifles | 1 | |
| Lumber Harvesting | 2 | |
| Masonry | 3 | |
| Flare | 1 | |
| Flak Cannons | 1 | |
| Flying Machine Bombs | 1 | |
| Plating | 1 | |
| Fragmentation Shards | 1 | |
14 total
» buildings
| Altar of Kings | 2 | |
| Farm | 8 | |
| Barracks | 2 | |
| Lumber Mill | 2 | |
| Scout Tower | 25 | |
| Guard Tower | 38 | |
| Blacksmith | 1 | |
| Arcane Vault | 1 | |
| Keep | 1 | |
| Town Hall | 1 | |
| Workshop | 4 | |
| Castle | 2 | |
87 total
» build order
00:15 Altar of Kings
00:21 Farm
00:50 Barracks
01:11 Farm
01:17 Lumber Mill
01:52 Scout Tower
02:02 Farm
02:38 Guard Tower
02:39 Scout Tower
02:43 Farm
03:08 Guard Tower
03:12 Blacksmith
03:28 Arcane Vault
03:53 Barracks
04:31 Farm
05:58 Keep
06:24 Farm
06:37 Town Hall
06:41 Scout Tower
08:09 Scout Tower
08:16 Farm
08:48 Guard Tower
08:49 Guard Tower
09:32 Scout Tower
09:36 Workshop
09:48 Workshop
09:59 Guard Tower
10:01 Scout Tower
10:16 Lumber Mill
10:23 Guard Tower
10:26 Scout Tower
10:29 Scout Tower
10:56 Guard Tower
10:56 Guard Tower
10:56 Guard Tower
10:56 Guard Tower
13:27 Castle
13:47 Guard Tower
14:01 Scout Tower
14:21 Scout Tower
14:22 Scout Tower
15:22 Guard Tower
15:24 Scout Tower
15:25 Scout Tower
15:37 Scout Tower
15:40 Scout Tower
15:59 Guard Tower
16:00 Guard Tower
16:05 Scout Tower
16:07 Scout Tower
16:08 Guard Tower
16:08 Guard Tower
16:10 Guard Tower
16:13 Scout Tower
16:59 Guard Tower
17:00 Guard Tower
17:22 Scout Tower
17:24 Scout Tower
17:44 Guard Tower
17:44 Guard Tower
18:23 Guard Tower
18:24 Scout Tower
18:44 Workshop
19:44 Scout Tower
19:47 Guard Tower
19:47 Guard Tower
20:06 Scout Tower
20:19 Guard Tower
20:19 Guard Tower
20:21 Scout Tower
20:22 Guard Tower
20:22 Guard Tower
20:48 Guard Tower
20:48 Guard Tower
20:50 Guard Tower
20:50 Guard Tower
20:51 Scout Tower
21:20 Guard Tower
21:20 Guard Tower
21:23 Workshop
21:24 Farm
24:16 Altar of Kings
» items
| Scroll of Regeneration | 6 | |
| Lesser Clarity Potion | 4 | |
| Potion of Healing | 1 | |
| Scroll of Town Portal | 3 | |
14 total
jakeafkallday (
teal | 149 APM | 6890 actions | 46:05)
10 Blademaster
3 Wind Walk
3 Critical Strike
1 Bladestorm
3 Mirror Image
» actions
| Assign group hotkey | 119 | |
| Basic commands | 316 | |
| Build / train | 157 | |
| ESC pressed | 15 | |
| Enter build submenu | 59 | |
| Enter hero's abilities submenu | 10 | |
| Give item / drop item | 10 | |
| Remove unit from queue | 1 | |
| Right click | 2732 | |
| Select / deselect | 656 | |
| Select group hotkey | 2476 | |
| Use ability | 339 | |
6890 total
» units
| Peon | 18 | |
| Grunt | 9 | |
| Troll Headhunter/Berserker | 9 | |
| Raider | 5 | |
| Shaman | 4 | |
| Wind Rider | 3 | |
| Troll Batrider | 4 | |
| Demolisher | 2 | |
54 total
» upgrades
| Armor | 3 | |
| Pillage | 1 | |
| Berserker Strength | 1 | |
| Ranged Weapons | 3 | |
| Berserker Upgrade | 1 | |
| Reinforced Defenses | 1 | |
| Shaman Training | 2 | |
| Melee Weapons | 3 | |
| Troll Regeneration | 1 | |
| Ensnare | 1 | |
| Envenomed Spears | 1 | |
| Spiked Barricades | 3 | |
| Liquid Fire | 1 | |
| War Drums Damage Increase | 1 | |
| Backpack | 1 | |
| Witch Doctor Training | 1 | |
| Spirit Walker Training | 1 | |
| Burning Oil | 1 | |
27 total
» buildings
| Orc Burrow | 9 | |
| Altar of Storms | 1 | |
| Barracks | 1 | |
| Voodoo Lounge | 3 | |
| War Mill | 1 | |
| Stronghold | 5 | |
| Great Hall | 3 | |
| Watch Tower | 27 | |
| Fortress | 3 | |
| Beastiary | 4 | |
| Spirit Lodge | 1 | |
58 total
» build order
00:44 Orc Burrow
01:03 Altar of Storms
01:12 Orc Burrow
01:22 Barracks
01:27 Voodoo Lounge
02:30 War Mill
02:54 Orc Burrow
04:30 Stronghold
04:30 Stronghold
04:30 Stronghold
04:31 Stronghold
05:07 Great Hall
06:22 Watch Tower
06:24 Watch Tower
06:25 Watch Tower
07:51 Fortress
07:51 Fortress
08:12 Watch Tower
08:13 Watch Tower
08:43 Watch Tower
08:44 Watch Tower
09:52 Beastiary
09:55 Beastiary
10:43 Spirit Lodge
12:11 Orc Burrow
13:46 Orc Burrow
13:57 Voodoo Lounge
14:42 Orc Burrow
14:47 Orc Burrow
16:51 Great Hall
16:54 Watch Tower
16:55 Watch Tower
16:57 Watch Tower
17:02 Watch Tower
19:28 Orc Burrow
19:53 Orc Burrow
28:32 Watch Tower
28:34 Watch Tower
28:36 Watch Tower
28:37 Watch Tower
30:06 Beastiary
30:09 Beastiary
30:26 Watch Tower
30:26 Watch Tower
30:27 Watch Tower
30:28 Watch Tower
30:29 Watch Tower
30:54 Watch Tower
30:56 Watch Tower
30:57 Watch Tower
32:05 Great Hall
32:09 Watch Tower
32:10 Watch Tower
32:11 Watch Tower
32:14 Watch Tower
32:16 Voodoo Lounge
» items
| Healing Salve | 8 | |
| Lesser Clarity Potion | 7 | |
| Scroll of Town Portal | 6 | |
| Boots of Speed | 1 | |
| Periapt of Vitality | 2 | |
| Orb of Lightning | 1 | |
| Circlet of Nobility | 1 | |
| Staff of Teleportation | 1 | |
| Orb of Corruption | 1 | |
| Dust of Appearance | 3 | |
| Potion of Mana | 1 | |
32 total
I.SeeDeadPeople (
pink | 67 APM | 2491 actions | 37:16)
4 Dreadlord
2 Sleep
2 Vampiric Aura
3 Death Knight
1 Death Coil
2 Unholy Aura
» actions
| Assign group hotkey | 33 | |
| Basic commands | 24 | |
| Build / train | 88 | |
| Enter build submenu | 28 | |
| Enter hero's abilities submenu | 7 | |
| Remove unit from queue | 1 | |
| Right click | 813 | |
| Select / deselect | 585 | |
| Select group hotkey | 830 | |
| Use ability | 82 | |
2491 total
» units
| Acolyte | 12 | |
| Ghoul | 5 | |
| Meatwagon | 5 | |
| Necromancer | 18 | |
| Obsidian Statue | 3 | |
| Chimaera | 4 | |
47 total
» upgrades
| Unholy Strength | 3 | |
| Unholy Armor | 3 | |
| Skeletal Longevity | 1 | |
| Necromancer Training | 2 | |
| Ghoul Frenzy | 1 | |
| Exhume Corpses | 1 | |
| Skeletal Mastery | 1 | |
12 total
» buildings
| Crypt | 2 | |
| Ziggurat | 11 | |
| Altar of Darkness | 1 | |
| Graveyard | 1 | |
| Tomb of Relics | 2 | |
| Necropolis | 2 | |
| Halls of the Dead | 1 | |
| Nerubian Tower | 4 | |
| Spirit Tower | 3 | |
| Black Citadel | 1 | |
| Temple of the Damned | 2 | |
| Slaughterhouse | 2 | |
| Sacrificial Pit | 1 | |
33 total
» build order
00:12 Crypt
00:16 Ziggurat
00:41 Crypt
01:13 Ziggurat
01:44 Altar of Darkness
02:04 Graveyard
02:18 Tomb of Relics
03:11 Ziggurat
05:13 Necropolis
05:20 Halls of the Dead
05:39 Ziggurat
06:08 Nerubian Tower
06:21 Ziggurat
06:31 Nerubian Tower
06:34 Ziggurat
06:36 Ziggurat
06:40 Ziggurat
06:55 Ziggurat
07:22 Spirit Tower
07:26 Ziggurat
07:31 Ziggurat
07:39 Tomb of Relics
07:48 Nerubian Tower
07:51 Spirit Tower
08:20 Spirit Tower
08:23 Black Citadel
08:29 Nerubian Tower
09:16 Temple of the Damned
09:18 Temple of the Damned
09:42 Slaughterhouse
09:45 Slaughterhouse
10:16 Sacrificial Pit
20:16 Necropolis
» items
| Rod of Necromancy | 1 | |
| Sacrificial Skull | 1 | |
| Staff of Teleportation | 1 | |
| Potion of Healing | 1 | |
| Scroll of Town Portal | 2 | |
| Potion of Lesser Invulnerability | 1 | |
| Dust of Appearance | 1 | |
8 total
Chat log
(00:16 / All) ROD-MY-BRUTHA: will trump nuke North korea this weekend?
(00:33 / Allies) M[A]STER.XXDl: panda archers to start
(01:03 / Allies) jakeafkallday: what
(01:15 / Allies) jakeafkallday: what u pinging for
(01:33 / Allies) vertigo.flowers: rifles morts
(09:41 / Allies) vertigo.flowers: B
(10:18 / Allies) vertigo.flowers: wood pls
(12:48 / Allies) jakeafkallday: wood me if you can
(13:59 / Allies) M[A]STER.XXDl: buying tp nd hitting
(14:24 / Allies) M[A]STER.XXDl: otw
(14:46 / Allies) I.SeeDeadPeople: back
(16:45 / Allies) jakeafkallday: wood me if you can
(17:08 / Allies) M[A]STER.XXDl: b
(17:16 / Allies) vertigo.flowers: thanks for saying that
(17:24 / Allies) M[A]STER.XXDl: he ff my hero
(17:47 / Allies) M[A]STER.XXDl: brt
(19:11 / All) vertigo.flowers: what wybverns
(19:17 / All) vertigo.flowers: where did they go
(19:21 / All) vertigo.flowers: lol
(21:15 / Allies) M[A]STER.XXDl: hitting bot again ina sec
(21:58 / Allies) I.SeeDeadPeople: back
(22:33 / Allies) vertigo.flowers: gold me
(22:34 / Allies) vertigo.flowers: fast
(22:35 / Allies) vertigo.flowers: fast
(23:30 / Allies) vertigo.flowers: no help lol
(23:38 / Allies) jakeafkallday: nah you suck anyway
(23:46 / Allies) vertigo.flowers: how the fuck do i suck
(25:21 / Allies) vertigo.flowers: 100 g
(25:26 / Allies) vertigo.flowers: for expo
(27:21 / Allies) M[A]STER.XXDl: wtf dude
(27:27 / Allies) M[A]STER.XXDl: why yk
(27:28 / Allies) M[A]STER.XXDl: tk
(27:29 / Allies) M[A]STER.XXDl: ?
(27:34 / Allies) M[A]STER.XXDl: ?........
(27:36 / Allies) M[A]STER.XXDl: u fucking serious man
(27:55 / Allies) M[A]STER.XXDl: w.e lol
(27:57 / Allies) M[A]STER.XXDl: have a loss faggot
(31:36 / All) ROD-MY-BRUTHA: all urs pink
(36:30 / Allies) jakeafkallday: we can do this the short way or the long way
(36:33 / Allies) jakeafkallday: leave now and you get a tie
(36:36 / Allies) jakeafkallday: stay and you get a loss
(37:07 / Allies) I.SeeDeadPeople: cool
(37:09 / Allies) I.SeeDeadPeople: i'll leave
(37:11 / Allies) I.SeeDeadPeople: gg
(37:13 / Allies) jakeafkallday: out
(37:13 / Allies) I.SeeDeadPeople: faggot
(42:20 / All) jakeafkallday: you lose
(43:36 / All) ROD-MY-BRUTHA: hank, you be quiet.
(43:58 / All) jakeafkallday: you are noob, we kill you
(44:46 / All) jakeafkallday: stats them I guess
(44:58 / All) ROD-MY-BRUTHA: blue was decent so i say he lose
(44:58 / All) jakeafkallday: Blue 309-321
(45:06 / All) jakeafkallday: Orange 487-501
(45:14 / All) jakeafkallday: Pink 5-8 lol
(45:22 / All) ROD-MY-BRUTHA: same rec about
(45:43 / All) jakeafkallday: your team lose, they were in the game longer and you had both tanks and gyros
(46:03 / All) ROD-MY-BRUTHA: i can agree to that